 Dungeon Crawl Stone Soup version 0.31-a0-229-g1fc7ce93e2 (webtiles) character file.

Game seed: 2006792827524599008

88790 CornPuffBuddha the Metallomancer (level 15, -7/72 HPs)
             Began as a Gargoyle Earth Elementalist on July 5, 2023.
             Was a High Priest of Vehumet.
             Mangled by a deep troll simulacrum (11 damage)
             ... summoned by an orange crystal statue
             ... in an ice cave on July 6, 2023.
             The game lasted 01:37:05 (31494 turns).

CornPuffBuddha the Metallomancer (GrEE)            Turns: 31494, Time: 01:37:05

Health: -7/72      AC: 23    Str: 12    XL:     15   Next: 95%
Magic:  23/33      EV: 11    Int: 29    God:    Vehumet [*****.]
Gold:   1526       SH:  0    Dex: 10    Spells: 0/42 levels left

rFire   . . .        L - staff of conjuration
rCold   . . .        (no shield)
rNeg    + . .        M - +3 leather armour {Will+}
rPois   ∞            t - +2 helmet
rElec   +            (no cloak)
rCorr   .            (no gloves)
SInv    .            g - +2 pair of boots
Will    ++...        m - amulet of magic regeneration
Stlth   ++           p - ring of wizardry
HPRegen 0.32/turn    W - +6 ring of intelligence
MPRegen 0.63/turn

%: wizardry (x1)
@: flying
A: sickness immunity, AC +11, big wings, negative energy resistance 1,
electricity resistance, torment resistance 1, petrification resistance
a: Renounce Religion


You were in an ice cave.
You worshipped Vehumet.
Vehumet was extremely pleased with you.
You visited 3 branches of the dungeon, and saw 21 of its levels.
You also visited: Sewer, Ossuary and Ice Cave.

You collected 1886 gold pieces.
You spent 360 gold pieces at shops.

Inventory:

Missiles
 A - 13 javelins
Armour
 g - a +2 pair of boots (worn)
 t - a +2 helmet (worn)
 M - a +3 leather armour of willpower (worn)
Magical Staves
 L - a staff of conjuration (weapon)
Jewellery
 m - an amulet of magic regeneration (around neck)
 p - a ring of wizardry (left hand)
 W - a +6 ring of intelligence (right hand)
Wands
 s - a wand of flame (45)
 w - a wand of iceblast (10)
 x - a wand of paralysis (25)
 B - a wand of mindburst (10)
 O - a wand of polymorph (5)
Scrolls
 f - 4 scrolls of blinking
 i - 6 scrolls of vulnerability
 k - 4 scrolls of amnesia
 n - 6 scrolls of fog
 o - 2 scrolls of noise {unknown}
 r - 4 scrolls of poison
 v - a scroll of teleportation
 y - 2 scrolls of torment {unknown}
 G - 2 scrolls of brand weapon {unknown}
 R - a scroll of immolation
 S - a scroll of revelation {unknown}
 U - 3 scrolls of enchant weapon
Potions
 a - a potion of cancellation {unknown}
 b - 4 potions of curing
 c - 6 potions of might {unknown}
 d - 7 potions of mutation
 e - 5 potions of lignification
 l - 2 potions of haste {unknown}
 z - 2 potions of enlightenment {unknown}
 C - 4 potions of degeneration {unknown}
 D - a potion of ambrosia {unknown}
 E - 2 potions of berserk rage
 F - 4 potions of attraction {unknown}
 H - a potion of resistance
 I - 6 potions of invisibility
 K - 5 potions of brilliance {unknown}


   Skills:
 - Level 3.3 Armour
 - Level 1.5 Dodging
 - Level 2.1 Stealth
 - Level 14.0 Spellcasting
 - Level 12.0 Conjurations
 - Level 0.7 Transmutations
 + Level 24.1 Earth Magic


You couldn't memorise any spells.
You knew the following spells:

 Your Spells              Type           Power      Damage    Failure   Level
a - Sandblast             Erth           100%       2d20      0%          1
b - Passwall              Tmut/Erth      62%        N/A       1%          2
c - Stone Arrow           Conj/Erth      100%       3d13      0%          3
d - Petrify               Tmut/Erth      75%        N/A       1%          4
e - Apportation           Tloc           40%        N/A       1%          1
f - Iskenderun's Battles  Conj           94%        2d14      1%          5
g - Lehudib's Crystal Sp  Conj/Erth      56%        10d13     1%          8
h - Leda's Liquefaction   Hex/Erth       37%        N/A       1%          4
i - Borgnjor's Vile Clut  Necr/Erth      37%        N/A       1%          5
j - Orb of Destruction    Conj           47%        9d12      2%          7
k - Lesser Beckoning      Tloc           40%        N/A       1%          2

Your spell library contained the following spells:

 Spells                   Type           Power      Damage    Failure   Level
 Ozocubu's Refrigeration  Ice            10%        4d9       88%         7
 Freeze                   Ice            80%        1d9       1%          1
 Sting                    Tmut/Pois      88%        1d7       1%          1
 Poisonous Vapours        Pois/Air       40%        N/A       1%          2
 Frozen Ramparts          Ice            40%        1d7       1%          3
 Hailstorm                Conj/Ice       70%        3d15      1%          3
 Ignite Poison            Fire/Tmut/Pois 21%        N/A       1%          3
 Inner Flame              Hex/Fire       20%        N/A       1%          3
 Mephitic Cloud           Conj/Pois/Air  60%        N/A       1%          3
 Animate Armour           Summ/Erth      100%       N/A       1%          4
 Freezing Cloud           Conj/Ice/Air   30%        6-21      2%          5
 Olgreb's Toxic Radiance  Pois           20%        N/A       3%          4
 Call Canine Familiar     Summ           20%        N/A       4%          3
 Gell's Gravitas          Tloc           20%        N/A       4%          3
 Portal Projectile        Hex/Tloc       40%        N/A       4%          3
 Teleport Other           Tloc           20%        N/A       4%          3
 Tukima's Dance           Hex            20%        N/A       4%          3
 Yara's Violent Unravell  Hex/Tmut       11%        3d6       9%          5
 Alistair's Intoxication  Tmut/Pois      14%        N/A       28%         5
 Enfeeble                 Hex            10%        N/A       100%        7
 Discord                  Hex            10%        N/A       100%        8
 Ignition                 Fire           10%        3d5       100%        8
 Necromutation            Tmut/Necr      11%        N/A       100%        8
 Cigotuvi's Dreadful Rot  Necr/Pois/Air  Unusable   N/A       N/A         2

Dungeon Overview and Level Annotations

Branches:
Dungeon (15/15)            Temple (1/1) D:4            Lair (5/5) D:11
 Shoals (0/4) Lair:3       Spider (0/4) Lair:3        Slime (0/5) Lair:5
    Orc (0/2) D:12         Vaults (0/5) D:13          Sewer (visited)
Ossuary (visited)           IceCv (1/1)
 Depths: D:15

Altars:
Ashenzari
Cheibriados
Dithmenos
Elyvilon
Fedhas
Gozag
Hepliaklqana
Kikubaaqudgha
Makhleb
Nemelex Xobeh
Okawaru
Qazlal
Ru
Sif Muna
Trog
Uskayaw
Vehumet
Wu Jian
Xom
Yredelemnul
Zin
The Shining One
Jiyva

Shops:
D:13 **   D:14 =

Portals:
Trove: D:12 (lose all piety)

Annotations:
D:13 3 runed translucent doors, Newt's ghost, journeyman KoHu IceCv exclusion: orange crystal statue


Innate Abilities, Weirdness & Mutations

You are immune to sickness and miasma.
Your stone body is resilient. (AC +11)
You are immune to poison.
Your large and strong wings let you fly.
You resist negative energy. (rN+)
You are resistant to electric shocks. (rElec)
You are resistant to unholy torment.
You are immune to petrification.


Message History

Aim: an obsidian statue (unaware, hasn't noticed you, 100% to hit)
You feel a surge of power!
The crystal spear hits the obsidian statue!!!!
You destroy the obsidian statue!
Vehumet accepts your kill.
You feel your power returning.
Casting: Lehudib's Crystal Spear (dangerous; 1% risk of failure)
Confirm with . or Enter, or press ? or * to list all spells.
You can't see any susceptible monsters within range! (Use Z to cast anyway.)
The orange crystal statue glitters.
Unknown command.
Casting: Lehudib's Crystal Spear (dangerous; 1% risk of failure)
Confirm with . or Enter, or press ? or * to list all spells.
Aiming: Lehudib's Crystal Spear (dangerous; 1% risk of failure)
Press: ? - help, Shift-Dir - straight line, f - orange crystal statue
Aim: an orange crystal statue (100% to hit)
You feel a surge of power!
The crystal spear hits the deep troll simulacrum!!!
The deep troll simulacrum vaporises!
The orange crystal statue glitters.
You are confused.
You're too confused to cast spells.
You're too confused to cast spells.
The deep troll simulacrum bites you but does no damage.
The deep troll simulacrum claws you. The deep troll simulacrum freezes you!!
The deep troll simulacrum barely misses you.
The orange crystal statue glitters.
You resist with almost no effort. The deep troll simulacrum bites you.
The deep troll simulacrum freezes you! The deep troll simulacrum misses you.
The deep troll simulacrum claws you!
* * * LOW HITPOINT WARNING * * *
The deep troll simulacrum freezes you!!
* * * LOW HITPOINT WARNING * * *
You feel better.
The deep troll simulacrum closely misses you. x2
The deep troll simulacrum barely misses you.
The deep troll simulacrum bites you.
* * * LOW HITPOINT WARNING * * *
The deep troll simulacrum freezes you!
You die...

##..## #....## ##.....##
#### .......# ##..######
##......# ##....##..##
###.......#
#..........###.........##
#.∩.∩.......#....Z......#
#.......##....##@Z......#
##....#####..####.......#
##..## #### 8......##
#### ###.#.## ####


You could see 2 deep troll simulacra.

Vanquished Creatures
  Rupert (Lair:4)
  Snorg (Lair:3)
  Josephine (Lair:3)
  3 vault guards (D:13)
  4 hydras
  A merfolk avatar (Lair:5)
  2 catoblepae
  5 centaur warriors
  Erica (D:11)
  3 two-headed ogres
  6 death yaks
  4 boulder beetles
  The ghost of RepHenryClay the Basher, a novice FoFi of Okawaru (D:8)
  Urug (Lair:1)
  6 skeletal warriors (D:12)
  Sonja (Lair:3)
  5 skysharks
  An obsidian statue (IceCv)
  3 sea snakes (Lair:5)
  Lodul (D:13)
  2 wolf spider zombies (D:14)
  3 wizards
  A harpy (Lair:5)
  A deep elf zephyrmancer (D:10)
  2 deep elf pyromancers (D:14)
  An orc knight (D:15)
  The ghost of puppykicker the Cruncher, a novice SpGl of Nemelex Xobeh (D:8)
  4 cyclopes
  12 ugly things
  10 elephants
  A water nymph (Lair:3)
  3 black mambas
  12 cane toads
  2 gargoyles
  2 efreet (D:14)
  An unseen horror (D:11)
  A freezing wraith (IceCv)
  4 rime drakes
  15 komodo dragons
  A yaktaur (D:15)
  6 trolls
  2 ice devils (IceCv)
  3 polar bears
  Grinder (D:6)
  23 blink frogs
  3 hornets
  Prince Ribbit (D:6)
  A meliai zombie (D:14)
  A snapping turtle (Lair:5)
  3 slime creatures (D:13)
  4 wraiths (Lair:3)
  3 shadows
  A vampire (D:13)
  Eustachio (D:6)
  44 yaks
  7 wyverns
  A dire elephant simulacrum (IceCv)
  A hog (shapeshifter) (D:14)
  5 humans (D:13)
  5 basilisks
  11 vampire mosquitoes
  A steam dragon (Lair:5)
  A minotaur simulacrum (IceCv)
  An acid dragon (D:10)
  Duvessa (D:6)
  17 water moccasins
  2 hornet zombies (D:14)
  A black bear (D:7)
  4 ice beasts
  3 orc warriors
  An alligator simulacrum (IceCv)
  A sky beast (D:7)
  10 ogres
  6 wolves
  12 centaurs
  3 kobold brigands
  17 bullfrogs
  A gnoll sergeant (D:8)
  2 deep troll simulacra (IceCv)
  12 scorpions
  9 wights
  Dowan (D:6)
  3 killer bees (D:11)
  4 electric eels
  5 howler monkeys
  3 lava snakes (D:13)
  11 centaur zombies
  A jelly (D:7)
  2 gnoll boudas
  2 human zombies (Ossuary)
  5 orc priests
  5 hounds
  3 iguanas
  A boggart zombie (D:14)
  10 orc wizards
  6 scorpion zombies (Ossuary)
  3 mummies (Ossuary)
  9 adders
  12 gnolls
  2 river rats (D:11)
  A shadow imp (D:7)
  3 white imps
  2 ufetubi
  2 worms
  6 dart slugs
  36 orcs
  6 ball pythons
  5 endoplasms
  9 giant cockroaches
  3 gnoll zombies (Ossuary)
  7 goblins
  4 hobgoblins
  4 jackals (D:2)
  13 kobolds
  5 quokkas
  17 bats
  3 frilled lizards
  3 goblin zombies (Ossuary)
  A hobgoblin zombie (Ossuary)
  4 orc zombies (Ossuary)
  11 rats
  A fire vortex (D:13)
596 creatures vanquished.

Vanquished Creatures (others)
  2 humans (D:13)
2 creatures vanquished.

Grand Total: 598 creatures vanquished

Notes
Turn   | Place    | Note
-------+----------+-------------------------------------------
     0 | D:1      | CornPuffBuddha the Gargoyle Earth Elementalist began the
                  | quest for the Orb.
     0 | D:1      | Reached XP level 1. HP: 10/10 MP: 3/3
   304 | D:1      | Reached skill level 4 in Earth Magic
   304 | D:1      | Reached XP level 2. HP: 15/15 MP: 3/5
   731 | D:1      | Noticed a great orb of eyes
   732 | D:1      | Found a faded altar of an unknown god.
   741 | D:1      | Noticed a floating eye
   745 | D:1      | Noticed a floating eye
   745 | D:1      | Noticed a shining eye
  1315 | D:2      | Reached XP level 3. HP: 19/19 MP: 2/7
  1759 | D:2      | Reached XP level 4. HP: 24/24 MP: 6/8
  2327 | D:3      | Reached skill level 5 in Earth Magic
  2866 | D:3      | Reached XP level 5. HP: 28/28 MP: 3/10
  3073 | D:3      | Found a glowing silver altar of Zin.
  3233 | D:4      | Learned a level 2 spell: Passwall
  3507 | D:4      | Noticed an ogre
  3511 | D:4      | Killed an ogre
  3512 | D:4      | Reached skill level 6 in Earth Magic
  3512 | D:4      | Reached XP level 6. HP: 32/32 MP: 7/12
  3551 | D:4      | You fall into a shaft and drop 3 floors!
  3552 | D:7      | Noticed a sky beast
  3574 | D:7      | Killed a sky beast
  3676 | D:6      | Noticed Eustachio
  3752 | D:7      | Reached skill level 7 in Earth Magic
  3752 | D:7      | Reached XP level 7. HP: 12/36 MP: 9/14
  3847 | D:7      | Learned a level 3 spell: Stone Arrow
  3922 | D:7      | Reached skill level 5 in Spellcasting
  4035 | D:7      | Found an ancient bone altar of Kikubaaqudgha.
  4088 | D:7      | Reached skill level 8 in Earth Magic
  4113 | D:7      | Found a shimmering altar of Xom.
  4115 | D:7      | Found a blossoming altar of Fedhas.
  4116 | D:7      | Found an ornate altar of the Wu Jian Council.
  4119 | D:7      | Reached XP level 8. HP: 41/41 MP: 13/17
  4339 | D:6      | Reached skill level 9 in Earth Magic
  4346 | D:5      | Entered Level 5 of the Dungeon
  4599 | D:5      | Found a glowing drain.
  4671 | Sewer    | Entered a sewer
  4678 | Sewer    | Reached skill level 10 in Earth Magic
  5040 | D:5      | Reached skill level 11 in Earth Magic
  5777 | D:4      | Found a staircase to the Ecumenical Temple.
  5786 | D:4      | Identified the +1 dagger of Disaster {freeze, Fragile rN+
                  | Str+3}
  5804 | Temple   | Entered the Ecumenical Temple
  5847 | Temple   | Became a worshipper of Vehumet
  6223 | D:6      | Noticed Prince Ribbit
  6234 | D:6      | Killed Prince Ribbit
  6235 | D:6      | Reached XP level 9. HP: 30/45 MP: 14/18
  6311 | D:6      | Noticed Grinder
  6315 | D:6      | Killed Grinder
  6316 | D:6      | Reached skill level 12 in Earth Magic
  6316 | D:6      | Reached skill level 1 in Conjurations
  6321 | D:6      | Learned a level 4 spell: Petrify
  6323 | D:6      | Learned a level 1 spell: Apportation
  6436 | D:6      | Noticed Duvessa
  6436 | D:6      | Noticed Dowan
  6443 | D:6      | Killed Duvessa
  6444 | D:6      | Killed Dowan
  6733 | D:6      | Found a burning altar of Makhleb.
  6743 | D:6      | Killed Eustachio
  7417 | D:7      | Noticed a hornet
  7555 | D:7      | Reached skill level 13 in Earth Magic
  7638 | D:7      | Killed a hornet
  7754 | D:7      | Reached XP level 10. HP: 50/50 MP: 1/20
  7764 | D:7      | Reached * piety under Vehumet
  7764 | D:7      | Offered knowledge of Kiss of Death by Vehumet.
  8236 | D:8      | Found a runed translucent gate.
  8243 | D:8      | Reached skill level 14 in Earth Magic
  8595 | D:8      | Found a sand-covered staircase.
  8606 | Ossuary  | Entered an ossuary
  8621 | Ossuary  | Reached ** piety under Vehumet
  8621 | Ossuary  | Offered knowledge of Foxfire by Vehumet.
  9048 | D:8      | Offered knowledge of Mephitic Cloud by Vehumet.
  9116 | D:8      | Found a runed translucent gate.
  9117 | D:8      | Found a runed translucent gate.
  9119 | D:8      | Noticed puppykicker's ghost (novice SpGl)
  9120 | D:8      | Noticed RepHenryClay's ghost (novice FoFi)
  9238 | D:8      | Found a hide-covered altar of Uskayaw.
  9454 | D:9      | Noticed a two-headed ogre
  9459 | D:9      | Killed a two-headed ogre
  9553 | D:9      | Reached skill level 15 in Earth Magic
  9839 | D:9      | Reached XP level 11. HP: 54/54 MP: 20/24
 10660 | D:10     | Entered Level 10 of the Dungeon
 10673 | D:10     | Found a shimmering blue altar of Sif Muna.
 10675 | D:10     | Found an iron altar of Okawaru.
 10685 | D:10     | Found a hazy altar of Hepliaklqana.
 10887 | D:10     | Noticed a wizard
 10891 | D:10     | Killed a wizard
 10896 | D:10     | Got the Grimoire of Axaxaxas mlö
 10904 | D:10     | Got the Spellbook of Dhcmrlchtdj
 10910 | D:10     | Noticed a wizard
 10975 | D:10     | Noticed a deep elf zephyrmancer
 10998 | D:10     | Noticed a wizard
 11001 | D:10     | Killed a wizard
 11015 | D:10     | Killed a deep elf zephyrmancer
 11116 | D:10     | Got Sif Muna's Incunabulum of Plaster Cramp
 11239 | D:10     | Reached skill level 16 in Earth Magic
 11774 | D:11     | Reached skill level 10 in Spellcasting
 11780 | D:11     | Reached *** piety under Vehumet
 11944 | D:11     | Noticed a death yak
 11950 | D:11     | Noticed a death yak
 11952 | D:11     | Killed a death yak
 11953 | D:11     | Noticed a death yak
 12125 | D:11     | Killed a death yak
 12378 | D:11     | Killed a death yak
 12602 | D:11     | Reached skill level 17 in Earth Magic
 12618 | D:10     | Reached XP level 12. HP: 35/59 MP: 3/27
 12780 | D:11     | Found a staircase to the Lair.
 13121 | D:11     | Offered knowledge of Dazzling Flash by Vehumet.
 13310 | D:11     | Noticed a boulder beetle
 13318 | D:11     | Killed a boulder beetle
 13932 | D:11     | Noticed Erica
 13937 | D:11     | Killed Erica
 14314 | Lair:1   | Entered Level 1 of the Lair of Beasts
 14522 | Lair:1   | Found an ornate altar of the Wu Jian Council.
 14522 | Lair:1   | Noticed a boulder beetle
 14523 | Lair:1   | Found a hide-covered altar of Uskayaw.
 14536 | Lair:1   | Killed a boulder beetle
 14659 | Lair:1   | Noticed Urug
 14670 | Lair:1   | Killed Urug
 14802 | Lair:1   | Reached skill level 18 in Earth Magic
 15009 | Lair:1   | Reached **** piety under Vehumet
 15293 | Lair:1   | Offered knowledge of Iskenderun's Battlesphere by Vehumet.
 15300 | Lair:1   | Learned a level 5 spell: Iskenderun's Battlesphere
 16217 | Lair:2   | Noticed an eight-headed hydra
 16231 | Lair:2   | Reached skill level 19 in Earth Magic
 16235 | Lair:2   | Killed an eight-headed hydra
 16710 | Lair:2   | Reached XP level 13. HP: 50/63 MP: 19/29
 16946 | Lair:2   | Reached skill level 20 in Earth Magic
 17075 | Lair:2   | Reached skill level 1 in Armour
 17909 | Lair:2   | Reached skill level 5 in Conjurations
 18120 | Lair:3   | Noticed Josephine
 18412 | Lair:3   | Noticed Snorg
 18420 | Lair:3   | Killed Snorg
 18601 | Lair:3   | Found a staircase to the Shoals.
 18707 | Lair:3   | Found a hole to the Spider Nest.
 18902 | Lair:3   | Noticed Sonja
 18908 | Lair:3   | Killed Josephine
 18917 | Lair:3   | Killed Sonja
 19588 | Lair:4   | Noticed Rupert
 20261 | Lair:4   | Reached ***** piety under Vehumet
 20262 | Lair:4   | Gained mutation: Your large and strong wings let you fly.
                  | [Gargoyle growth]
 20262 | Lair:4   | Reached XP level 14. HP: 27/68 MP: 11/30
 20427 | Lair:4   | Identified the +2 scale mail of the Realm of Zot {Harm
                  | Str+3 Dex-5}
 20815 | Lair:4   | Offered knowledge of Sticky Flame by Vehumet.
 20825 | Lair:4   | Learned a level 8 spell: Lehudib's Crystal Spear
 20844 | Lair:5   | Entered Level 5 of the Lair of Beasts
 21014 | Lair:4   | Learned a level 4 spell: Leda's Liquefaction
 21020 | Lair:4   | Learned a level 5 spell: Borgnjor's Vile Clutch
 21698 | Lair:4   | Killed Rupert
 22209 | Lair:5   | Reached skill level 10 in Conjurations
 22263 | Lair:5   | Reached skill level 21 in Earth Magic
 22721 | Lair:5   | Found a burning altar of Makhleb.
 23523 | Lair:5   | HP: 2/68 [sea snake (9)]
 24335 | Lair:5   | Found a viscous altar of Jiyva.
 24336 | Lair:5   | Found a staircase to the Slime Pits.
 24759 | D:8      | Killed RepHenryClay's ghost
 24761 | D:8      | Killed puppykicker's ghost
 25158 | D:12     | Reached skill level 22 in Earth Magic
 25786 | D:12     | Reached XP level 15. HP: 22/72 MP: 30/32
 25995 | D:12     | Found a staircase to the Orcish Mines.
 26526 | D:12     | Upgraded the game from 0.31-a0-222-gefeffbb62a to
                  | 0.31-a0-229-g1fc7ce93e2
 26558 | D:12     | Offered knowledge of Orb of Destruction by Vehumet.
 26690 | D:12     | Found a portal to a secret trove of treasure.
 27537 | D:13     | Noticed Lodul
 27540 | D:13     | Killed Lodul
 27592 | D:13     | Found a runed translucent gate.
 27593 | D:13     | Found a runed translucent gate.
 27593 | D:13     | Found a runed translucent gate.
 27888 | D:13     | Found an opulent altar of Gozag.
 27888 | D:13     | Found Veotog's Assorted Antiques.
 27888 | D:13     | Noticed Newt's ghost (journeyman KoHu)
 27891 | D:13     | Found Fuxeol's Assorted Antiques.
 28493 | D:13     | Reached skill level 23 in Earth Magic
 28968 | D:13     | Found a gate to the Vaults.
 29272 | D:14     | Learned a level 7 spell: Orb of Destruction
 29275 | D:14     | Learned a level 2 spell: Lesser Beckoning
 29554 | D:14     | Found a white marble altar of Elyvilon.
 30171 | D:14     | Found a basalt altar of Yredelemnul.
 30703 | D:14     | Found Ruemitz's Jewellery Emporium.
 30708 | D:14     | Bought an amulet of magic regeneration for 360 gold pieces
 30891 | D:15     | Entered Level 15 of the Dungeon
 31092 | D:15     | Found a frozen archway.
 31107 | D:15     | HP: 3/72 [white ugly thing (30)]
 31330 | IceCv    | Entered an ice cave
 31355 | IceCv    | Offered knowledge of Ozocubu's Refrigeration by Vehumet.
 31399 | IceCv    | Reached skill level 24 in Earth Magic
 31493 | IceCv    | HP: 1/72 [deep troll simulacrum[an orange crystal statue]
                  | (18)]
 31494 | IceCv    | Mangled by a deep troll simulacrum

Illustrated notes

Levels and vault maps discovered:
D:1:      dpeg_arrival_tiny_j, layout_basic,
          hellmonk_ecumenical_altar_watching_god, st_stairs_7
D:2:      layout_basic
D:3:      layout_loops_corners, zin_treasury
D:4:      layout_loops_ring, minmay_temple_entry_hall
D:5:      layout_basic, portal_sewer_entry_f, kennysheep_diamond,
          minmay_misc_feat_four_crosses, item_on_display_a
D:6:      layout_cave_pools, mainiacjoe_overflow_24_doors,
          minmay_misc_feat_square, uniq_grinder, uniq_prince_ribbit1,
          uniq_duvessa, uniq_eustachio
D:7:      minmay_s_stair_smasher, layout_loops_ring,
          mainiacjoe_overflow_cross_hatched, grunt_temple_overflow_open
D:8:      layout_loops_ring, lemuel_coloured_pillars_altar,
          lightli_ossuary_entry_decrepit_ruins, gammafunk_ghost_cemetery
D:9:      layout_stronghold, kennysheep_path_1
D:10:     layout_gridville, gammafunk_temple_overflow_forgotten,
          bh_hangedman_babel_library
D:11:     layout_stronghold, dpeg_lair_monsters, uniq_erica
D:12:     layout_cave_pools, orc_0_dummy, enter_trove_0
D:13:     layout_basic, ximxim_vaults_locker_room, ebering_ghost_gozag,
          uniq_lodul
D:14:     layout_rooms, elyvilon_altar_3, serial_shops, shop,
          nicolae_yredelemnul_corpse_copse
D:15:     gammafunk_depths_entry_grave, layout_loops_corners,
          okawaru_metal_pillars_1_2, portal_ice_cave_entry_ugly_swarm,
          st_stairs_14, uniq_azrael
Temple:   nicolae_temple_ecumenical_triangle
Lair:1:   layout_loops_ring, nzn_masters_of_martial_movement,
          grunt_megastairs_1, serial_bayou_shore_b, serial_bayou_shore_a,
          uniq_urug
Lair:2:   nzn_winding_woodlands_small
          [nzn_winding_woodlands_5x15_river_crossing,
          nzn_winding_woodlands_center_garden,
          nzn_winding_woodlands_5x15_cabin], layout_misc_corridors,
          beast_lair_carwin_9
Lair:3:   layout_cave_shapes, nicolae_shoals_entry_flooding,
          spider_nest_entry_web_field, uniq_snorg, uniq_josephine, uniq_sonja
Lair:4:   layout_loops_ring, nicolae_lair_grazing_beasts
          [nicolae_sub_lair_graze_edge, nicolae_sub_lair_graze_edge,
          nicolae_sub_lair_graze_edge, nicolae_sub_lair_graze_edge],
          grunt_megastairs_3, uniq_rupert
Lair:5:   gammafunk_lair_ancient_temple, layout_gridlike, slime_entry_1,
          basic_altar
IceCv:    ice_cave_small_demon

Skill      XL: |  1  2  3  4  5  6  7  8  9 10 11 12 13 14 15 |
---------------+----------------------------------------------+-----
Earth Magic    | 4 5 6 7 8 11 13 15 17 19 20 22 24 | 24.1
Spellcasting   | 3 4 6 9 11 12 13 14 | 14.0
Conjurations   | 4 8 10 12 | 12.0
Armour         | 3 |  3.3
Dodging        | |  1.5
Stealth        | |  2.1
Transmutations | |  0.7

Action                     |  1- 3 |  4- 6 |  7- 9 | 10-12 | 13-15 || total
---------------------------+-------+-------+-------+-------+-------++-------
  Melee: Unarmed           |     4 |       |       |       |       ||     4
         Hand axe          |       |    18 |     3 |       |       ||    21
         Staff             |       |       |       |    24 |   117 ||   141
         Punch             |       |       |       |     1 |       ||     1
   Cast: Sandblast         |    54 |    71 |   109 |   111 |     3 ||   348
         Stone Arrow       |       |       |    50 |   263 |   769 ||  1082
         Passwall          |       |       |       |     1 |       ||     1
         Lehudib's Crystal |       |       |       |       |    22 ||    22
         Borgnjor's Vile C |       |       |       |       |     3 ||     3
         Leda's Liquefacti |       |       |       |       |     1 ||     1
         Iskenderun's Batt |       |       |       |       |     4 ||     4
         Orb of Destructio |       |       |       |       |     1 ||     1
  Evoke: Wand              |       |       |       |     7 |    16 ||    23
    Use: Scroll            |       |     4 |     1 |    10 |    17 ||    32
         Potion            |       |     1 |     2 |     6 |     4 ||    13
 Armour: Robe              |    19 |    37 |    36 |       |       ||    92
         Leather armour    |       |       |     3 |   136 |   374 ||   513
  Dodge: Dodged            |    15 |    34 |    59 |   151 |   292 ||   551

Table legend: (Time is in decaauts)
 A = Elapsed time spent in this place.
 B = Non-inter-level travel time spent in this place.
 C = Inter-level travel time spent in this place.
 D = Time resting spent in this place.
 E = Time spent auto-exploring this place.
 F = Levels seen in this place.
 G = Mean time per level.
                   A        B        C        D        E       F      G
               +--------+--------+--------+--------+--------+-----+--------+
         Total |  31759 |  30151 |   1608 |   8303 |  14977 |  24 | 1323.3 |
       Dungeon |  20610 |  19409 |   1201 |   4684 |  10196 |  15 | 1374.0 |
        Temple |     50 |     46 |      4 |      0 |     30 |   1 |   50.0 |
          Lair |  10353 |   9950 |    403 |   3526 |   4510 |   5 | 2070.6 |
         Sewer |    128 |    128 |      0 |     35 |      0 |   1 |  128.0 |
       Ossuary |    451 |    451 |      0 |      9 |    241 |   1 |  451.0 |
      Ice Cave |    163 |    163 |      0 |     48 |      0 |   1 |  163.0 |
               +--------+--------+--------+--------+--------+-----+--------+

Top non-repeatable levels by time:
    D:11: 2599 daAuts
    D:13: 2292 daAuts
  Lair:5: 2271 daAuts
  Lair:2: 2169 daAuts
  Lair:4: 2131 daAuts
  Lair:1: 2015 daAuts
  Lair:3: 1764 daAuts
    D:14: 1752 daAuts
    D:10: 1638 daAuts
     D:7: 1469 daAuts
    D:12: 1412 daAuts
     D:5: 1385 daAuts
     D:9: 1333 daAuts
     D:6: 1233 daAuts
     D:1: 1233 daAuts
